 Dungeon Crawl Stone Soup version 0.29-a0-468-ge57f7f99b4 (console) character file.

Game seed: 9899424774518314937

12929 jejorda2 the Impaler (level 12, -3/88 HPs)
             Began as a Merfolk Fighter on May 21, 2022.
             Was a Priest of Nemelex Xobeh.
             Slain by a salamander
             ... wielding a +0 trident
              (14 damage)
             ... in a volcano.
             The game lasted 00:26:22 (11005 turns).

jejorda2 the Impaler (Merfolk Fighter)             Turns: 11005, Time: 00:26:24

Health: -3/88      AC: 17    Str: 27    XL:     12   Next: 0%
Magic:  0/18       EV: 11    Int:  8    God:    Nemelex Xobeh [***...]
Gold:   675        SH:  0    Dex: 17    Spells: 11/11 levels left

rFire   + . .      SeeInvis .   a - +7 halberd {venom, Contam rPois rN+ Dex+4}
rCold   . . .      Faith    .   (shield currently unavailable)
rNeg    + . .      Spirit   +   f - +0 chain mail {rF+}
rPois   +          Reflect  .   C - +0 helmet
rElec   .          Harm     .   (no cloak)
rCorr   .          Rampage  .   F - +2 pair of gloves
Will    .....                   v - +2 pair of boots
Stlth   ..........              I - amulet of guardian spirit
HPRegen 0.24/turn               y - ring of flight
MPRegen 0.16/turn               r - +6 ring of strength

@: flying
A: (nimble swimmer 2), mertail
a: Renounce Religion, Draw Escape, Draw Destruction, Draw Summoning, Triple Draw


You were in a volcano.
You worshipped Nemelex Xobeh.
Nemelex Xobeh was most pleased with you.
You visited 3 branches of the dungeon, and saw 13 of its levels.
You also visited: Volcano.

You collected 675 gold pieces.

Inventory:

Hand Weapons
 a - the +7 halberd "Jeadd" (weapon) {venom, Contam rPois rN+ Dex+4}
   (You found it on level 1 of the Lair of Beasts)

   It poisons the flesh of those it strikes.
   Dex:       It affects your dexterity (+4).
   rPois:     It protects you from poison.
   rN:        It protects you from negative energy.
   Contam:    It causes magical contamination when unequipped.
 b - a +0 trident of flaming
 m - a +2 halberd of protection
Missiles
 c - a throwing net
 e - a boomerang
 g - 298 stones (quivered)
 h - 32 poisoned darts
Armour
 f - a +0 chain mail of fire resistance (worn)
 v - a +2 pair of boots (worn)
 w - the +7 Kryia's mail coat {PotionHeal*2 rC+}
   (You found it on level 3 of the Dungeon)

   Potions are twice as effective at healing its wearer.
   rC:        It protects you from cold.
 C - a +0 helmet (worn)
 F - a +2 pair of gloves (worn)
Jewellery
 r - a +6 ring of strength (right hand)
 y - a ring of flight (left hand)
 I - an amulet of guardian spirit (around neck)
Wands
 k - a wand of paralysis (12)
 t - a wand of polymorph (13)
 u - a wand of flame (32)
 D - a wand of acid (5)
 E - a wand of mindburst (9)
 J - a wand of digging (9)
 L - a wand of iceblast (5)
Scrolls
 d - a scroll of identify
 o - 3 scrolls of teleportation
 p - 2 scrolls of acquirement {unknown}
 q - a scroll of fog
 H - a scroll of fear {unknown}
 K - a scroll of enchant armour
Potions
 i - 2 potions of lignification
 j - a potion of haste {unknown}
 l - 2 potions of curing
 n - a potion of flight {unknown}
 s - a potion of resistance {unknown}
 x - 2 potions of cancellation
 z - a potion of berserk rage {unknown}
 A - a potion of magic {unknown}
 B - 2 potions of invisibility
 G - 2 potions of heal wounds
 M - a potion of degeneration {unknown}


   Skills:
 - Level 6.0 Fighting
 + Level 16.9 Polearms
 - Level 6.0 Armour
 - Level 6.0 Dodging
 - Level 3.0 Shields
 - Level 8.0 Invocations
 - Level 6.0 Evocations


You had 11 spell levels left.
You didn't know any spells.
Your spell library contained the following spells:

 Spells                   Type           Power      Damage    Failure   Level
 Apportation              Tloc           0%         N/A       93%         1
 Necrotize                Necr           0%         1d4       93%         1
 Sublimation of Blood     Necr           0%         N/A       98%         2
 Wereblood                Tmut           0%         N/A       98%         2
 Vampiric Draining        Necr           0%         2d6       100%        3
 Agony                    Necr           0%         N/A       100%        5
 Alistair's Intoxication  Tmut/Pois      0%         N/A       100%        5
 Summon Hydra             Summ           0%         N/A       100%        7


Dungeon Overview and Level Annotations

Branches:
Dungeon (9/15)             Temple (1/1) D:7            Lair (3/6) D:9
 Spider (0/4) Lair:2      Volcano (1/1)
  Swamp: Lair:2-4    Shoals: Lair:2-4       Orc: D:9-12

Altars:
Ashenzari
Cheibriados
Dithmenos
Elyvilon
Fedhas
Gozag
Hepliaklqana
Kikubaaqudgha
Makhleb
Nemelex Xobeh
Okawaru
Qazlal
Ru
Sif Muna
Trog
Uskayaw
Vehumet
Wu Jian
Xom
Yredelemnul
Zin
The Shining One

Shops:
D:5 :(


Innate Abilities, Weirdness & Mutations

((You are very nimble when in or above water. (Stealth+, EV+, Speed+++)))
Your lower body shifts to a powerful aquatic tail in water.


Message History

You barely miss the red draconian.
The red draconian is moderately wounded.
The red draconian breathes fire at you. The searing blast hits you! You resist.
You closely miss the red draconian.
The red draconian is moderately wounded.
You hit the red draconian.
The red draconian looks as sick as possible!
The red draconian is moderately wounded.
The red draconian barely misses you.
You slash the red draconian!
The red draconian looks as sick as possible!
The red draconian is heavily wounded.
The red draconian hits you with a +2 flail of flaming!
The red draconian burns you.
You puncture the red draconian!
The red draconian looks as sick as possible!
The red draconian is severely wounded.
You slice the red draconian!!
You kill the red draconian!
You have reached level 12!
You slice the salamander!!
The salamander is moderately wounded.
The salamander drinks a potion.
The salamander seems to grow stronger.
Unknown command.
You slash the salamander!
The salamander looks as sick as possible!
The salamander is severely wounded.
The salamander hits you with a +0 trident!
* * * LOW HITPOINT WARNING * * *
You are engulfed in flames.
You resist.
* * * LOW HITPOINT WARNING * * *
Throw: 2 throwing nets
Press: ? - help, Shift-Dir - straight line, f - salamander
Aim: a salamander, wielding a +0 trident (severely wounded, strong, extremely poisoned, 73% to hit)
You throw a throwing net.
The throwing net barely misses the salamander.
The salamander hits you with a +0 trident!
You die...
Your body disappears without a glow.

##§§§≈ ≈≈≈≈≈ # ≈.). ###
[.$ ##≈§ $. #≈§≈ #d
##☼§§ #)### ####☼☼≈≈
######N.#######.######
#....@.....§§....#####
#.......≈≈.≈≈§§≈........
###....≈§≈≈≈≈§§§≈§....##
#.....≈≈≈§≈≈≈≈≈§§§...##
##....≈≈≈≈≈§§§§≈≈≈...#
#....≈≈≈≈≈§§≈≈≈§≈§..##
##....≈≈≈≈§≈§§§....##
###....≈≈≈≈.≈§§..##
.#.§...§§..§...#


You could see a salamander (strong, extremely poisoned).

Vanquished Creatures
  A red draconian (Volcano)
  Pikel (D:8)
  4 elephants (Lair:2)
  A salamander (Volcano)
  Joseph (D:8)
  4 cane toads
  A kobold demonologist (D:6)
  A polar bear (D:9)
  A hornet (D:9)
  Sigmund (D:3)
  A vampire (D:9)
  8 yaks
  A basilisk (Lair:1)
  4 vampire mosquitoes (D:9)
  4 water moccasins
  3 sky beasts
  An ice beast (D:8)
  3 black bears
  3 orc warriors
  A boggart (D:9)
  3 ogres
  5 wolves (Lair:2)
  3 phantoms
  2 kobold brigands
  4 scorpions
  6 bullfrogs
  A gnoll sergeant (D:8)
  8 wights (D:8)
  A killer bee (D:9)
  2 howler monkeys
  A hound (D:3)
  2 jellies
  2 gnoll shamans
  5 iguanas
  2 orc wizards
  13 gnolls
  13 adders
  A shadow imp (D:6)
  2 white imps (D:6)
  An ufetubus (D:5)
  2 worms
  A dart slug (D:5)
  22 orcs
  8 ball pythons
  10 endoplasms
  4 giant cockroaches
  5 goblins
  9 hobgoblins
  5 quokkas
  5 bats
  A frilled lizard (D:3)
  11 kobolds
  2 rats
207 creatures vanquished.

Vanquished Creatures (collateral kills)
  Harold (D:9)
  2 elephants (Lair:2)
  A water moccasin (Lair:2)
  An orc warrior (D:9)
  2 orcs (D:9)
7 creatures vanquished.

Vanquished Creatures (others)
  2 fungi (Lair:1)
  2 plants (Lair:1)
4 creatures vanquished.

Grand Total: 218 creatures vanquished

Notes
Turn   | Place    | Note
-------+----------+-------------------------------------------
     0 | D:1      | jejorda2 the Merfolk Fighter began the quest for the Orb.
     0 | D:1      | Reached XP level 1. HP: 18/18 MP: 1/1
    99 | D:1      | Reached skill level 3 in Polearms
   102 | D:1      | Reached XP level 2. HP: 24/24 MP: 2/2
   107 | D:1      | Found a faded altar of an unknown god.
   476 | D:2      | Reached XP level 3. HP: 29/29 MP: 3/3
   856 | D:2      | Reached skill level 4 in Polearms
  1151 | D:3      | Reached XP level 4. HP: 37/37 MP: 4/4
  1159 | D:3      | Noticed Sigmund
  1177 | D:3      | Killed Sigmund
  1178 | D:3      | Reached skill level 5 in Polearms
  1178 | D:3      | Reached XP level 5. HP: 43/43 MP: 5/5
  1178 | D:3      | Reached XP level 6. HP: 49/49 MP: 6/6
  1283 | D:3      | Found the +7 Kryia's mail coat {PotionHeal*2 rC+}
  1332 | D:3      | Reached skill level 6 in Polearms
  1550 | D:3      | Reached skill level 5 in Fighting
  1633 | D:3      | Reached skill level 7 in Polearms
  1633 | D:3      | Reached XP level 7. HP: 45/56 MP: 7/7
  3066 | D:5      | Entered Level 5 of the Dungeon
  3077 | D:5      | Reached skill level 8 in Polearms
  3122 | D:5      | Found Zeghugg's Antique Weapon Shoppe.
  3570 | D:5      | Found Veuph's Book Shoppe.
  3583 | D:5      | Reached XP level 8. HP: 44/64 MP: 8/8
  3717 | D:5      | Reached skill level 1 in Evocations
  4149 | D:6      | Reached skill level 9 in Polearms
  4588 | D:6      | Reached skill level 10 in Polearms
  5159 | D:6      | Noticed a kobold demonologist
  5171 | D:6      | Killed a kobold demonologist
  5172 | D:6      | Reached XP level 9. HP: 65/69 MP: 7/9
  5336 | D:6      | Reached skill level 11 in Polearms
  5579 | D:7      | Reached skill level 5 in Armour
  5626 | D:7      | Found a staircase to the Ecumenical Temple.
  5676 | Temple   | Entered the Ecumenical Temple
  5978 | Temple   | Became a worshipper of Nemelex Xobeh the Trickster
  6572 | D:8      | Reached skill level 1 in Invocations
  6880 | D:8      | Noticed Pikel
  6893 | D:8      | Killed Pikel
  6894 | D:8      | Reached skill level 12 in Polearms
  7083 | D:8      | Reached XP level 10. HP: 72/76 MP: 10/12
  7131 | D:8      | Reached * piety under Nemelex Xobeh
  7340 | D:8      | Reached skill level 5 in Evocations
  7352 | D:8      | Received a gift from Nemelex Xobeh
  7376 | D:8      | Noticed Joseph
  7401 | D:8      | Killed Joseph
  7506 | D:8      | Reached skill level 13 in Polearms
  8082 | D:9      | Reached ** piety under Nemelex Xobeh
  8108 | D:9      | Identified the +4 dagger of Moderation {vorpal, rC+ Int+4}
  8109 | D:9      | Received a gift from Nemelex Xobeh
  8393 | D:9      | Noticed a cane toad
  8393 | D:9      | a yak changed into a cane toad
  8407 | D:9      | Killed a cane toad
  8440 | D:9      | Reached skill level 14 in Polearms
  8705 | D:9      | Reached skill level 5 in Invocations
  8907 | D:9      | Noticed Harold
  8914 | D:9      | Killed Harold
  8934 | D:9      | Reached XP level 11. HP: 81/81 MP: 15/15
  8937 | D:9      | Found a staircase to the Lair.
  9237 | D:9      | Found a sacrificial altar of Ru.
  9450 | D:9      | Reached skill level 1 in Dodging
  9455 | D:9      | Reached skill level 15 in Polearms
  9718 | Lair:1   | Entered Level 1 of the Lair of Beasts
  9832 | Lair:1   | Reached *** piety under Nemelex Xobeh
 10029 | Lair:1   | Identified the +7 halberd "Jeadd" {venom, Contam rPois rN+
                  | Dex+4}
 10040 | Lair:1   | Received a gift from Nemelex Xobeh
 10694 | Lair:2   | Found a dark tunnel.
 10697 | Lair:2   | You are sucked into a shaft and drop 1 floor!
 10718 | Lair:2   | Received a gift from Nemelex Xobeh
 10729 | Lair:2   | Reached skill level 5 in Dodging
 10744 | Lair:2   | Reached skill level 16 in Polearms
 10750 | Lair:2   | Found a hole to the Spider Nest.
 10952 | Volcano  | Entered a volcano
 10977 | Volcano  | Noticed a salamander
 10978 | Volcano  | Noticed a red draconian
 10978 | Volcano  | Noticed a salamander
 10987 | Volcano  | HP: 4/81 [salamander/+0 glaive (4)]
 10989 | Volcano  | Killed a salamander
 11002 | Volcano  | Killed a red draconian
 11003 | Volcano  | Reached XP level 12. HP: 31/88 MP: 2/18
 11005 | Volcano  | Slain by a salamander

Illustrated notes

Levels and vault maps discovered:
D:1:      psy_arrival_dodecagon, layout_rooms,
          hellmonk_ecumenical_altar_arch_garden, minmay_pentomino_s2
D:2:      layout_basic, grunt_decor_resistance, kennysheep_generic_room_8
D:3:      layout_basic, uniq_sigmund
D:4:      layout_gridville, serial_forest, infiniplex_forest_lined_room_2,
          infiniplex_forest_end_2, infiniplex_forest_end_2,
          infiniplex_forest_lined_corner, infiniplex_forest_lined_2,
          infiniplex_forest_straight_2, infiniplex_forest_zigzag_1,
          infiniplex_forest_split, nicolae_concentric_dashed_squares_mild
D:5:      nicolae_cairo_tiling, layout_rooms, serial_shops,
          nicolae_shop_behind_doors, serial_corexii_hall,
          corexii_hall_statues_x, corexii_hall_statues_x,
          corexii_hall_statues_i, kennysheep_diamond, corexii_shack,
          minmay_misc_feat_tiny, chequers_jeans
D:6:      layout_basic, minmay_misc_feat_pillars
D:7:      layout_basic, minmay_temple_entry_junction_2, minmay_strange_pillars
D:8:      layout_gridville, uniq_pikel, uniq_joseph
D:9:      layout_gridville, nicolae_ru_awakened_eye, lair_entry_dummy,
          uniq_harold
Temple:   mainiacjoe_temple_hex_bubbles
Lair:1:   layout_cave_pods, infiniplex_staircase_pool
Lair:2:   layout_big_grid, dummy_spider_entry, nicolae_volcano_entry_two_sided,
          gammafunk_ghost_necromancy, uniq_amaemon
Lair:3:   layout_loops_ring, minmay_swamp_entry_worms,
          chequers_serial_rivers_small_3, serial_bayou_shore_a
Volcano:  volcano_pools

Skill      XL: |  1  2  3  4  5  6  7  8  9 10 11 |
---------------+----------------------------------+-----
Polearms       | 3 4 5 7 8 10 12 14 16 | 16.9
Fighting       | 4 5 6 |  6.0
Armour         | 3 4 5 6 |  6.0
Evocations     | 3 4 6 |  6.0
Invocations    | 2 5 8 |  8.0
Dodging        | 6 |  6.0
Shields        | |  3.0

Action                   |  1- 3 |  4- 6 |  7- 9 | 10-12 || total
-------------------------+-------+-------+-------+-------++-------
Melee: Trident           |    72 |    68 |   426 |       ||   566
       Halberd           |       |       |    24 |   298 ||   322
Throw: Stone             |    11 |     1 |    29 |    13 ||    54
       Dart              |       |     4 |       |       ||     4
       Throwing net      |       |       |       |     1 ||     1
Invok: Draw Destruction  |       |       |       |    10 ||    10
       Draw Summoning    |       |       |       |     3 ||     3
  Use: Potion            |       |     1 |       |     5 ||     6
       Scroll            |       |       |    18 |     3 ||    21
Armor: Scale mail        |    21 |    19 |   177 |   135 ||   352
       Skin              |       |     4 |       |       ||     4
       Chain mail        |       |       |       |    26 ||    26
Dodge: Dodged            |    20 |    29 |   116 |   158 ||   323
Block: Buckler           |    10 |    15 |    67 |       ||    92

Table legend: (Time is in decaauts)
 A = Elapsed time spent in this place.
 B = Non-inter-level travel time spent in this place.
 C = Inter-level travel time spent in this place.
 D = Time resting spent in this place.
 E = Time spent auto-exploring this place.
 F = Levels seen in this place.
 G = Mean time per level.
                   A        B        C        D        E       F      G
               +--------+--------+--------+--------+--------+-----+--------+
         Total |  10891 |  10474 |    417 |    511 |   8277 |  14 |  777.9 |
       Dungeon |   9299 |   9011 |    288 |    309 |   7227 |   9 | 1033.2 |
        Temple |    341 |    288 |     53 |      0 |    286 |   1 |  341.0 |
          Lair |   1203 |   1128 |     75 |    195 |    764 |   3 |  401.0 |
       Volcano |     47 |     47 |      0 |      7 |      0 |   1 |   47.0 |
               +--------+--------+--------+--------+--------+-----+--------+

Top non-repeatable levels by time:
     D:9: 1675 daAuts
     D:8: 1429 daAuts
     D:6: 1298 daAuts
     D:5: 1036 daAuts
     D:3: 1009 daAuts
     D:4: 914 daAuts
  Lair:1: 896 daAuts
     D:7: 782 daAuts
     D:2: 700 daAuts
     D:1: 454 daAuts
  Temple: 341 daAuts
  Lair:2: 301 daAuts
 Volcano: 47 daAuts
  Lair:3: 5 daAuts
